 Dungeon Sprint DCSS version 0.30-a0-465-g8901f6c8b5 (webtiles) character file.

Game seed: 45701742435098868

236 NinjaNoafa the Thaumaturge (level 8, -1/65 HPs)
             Began as a Djinni Fire Elementalist on Dec 18, 2022.
             Was a High Priest of Makhleb.
             Slain by Aizul (7 damage)
             ... in the Dungeon (Sprint VI: "Thunderdome").
             The game lasted 00:05:36 (672 turns).

NinjaNoafa the Thaumaturge (DjFE)                    Turns: 672, Time: 00:05:37

Health: -1/65      AC:  6    Str: 10    XL:     8   Next: 65%
Gold:   365        EV: 14    Int: 28    God:    Makhleb [*****.] SH:  0 Dex: 13

rFire   + + +      SeeInvis .    (no weapon)
rCold   + . .      Faith    .    (no shield)
rNeg    . . .      Spirit   .    a - +0 robe
rPois   ∞          Reflect  .    (no helmet)
rElec   .          Harm     .    (no cloak)
rCorr   .          Rampage  .    (no gloves)
Will    .....      NoTele   +    (boots unavailable)
Stlth   +++.......               k - amulet "Goitz" {rF+ Regen+ Int+5}
HPRegen 1.10/turn                l - ring of Spite {rC++ AC+4}
MPRegen 0.00/turn                m - ring of Kusun {Wiz Str+3 Int+3}

@: flying
A: sickness immunity, fire resistance 2, cold vulnerability 1, float, innate
caster, HP casting, extra vitality 1
a: Renounce Religion, Minor Destruction, Lesser Servant of Makhleb, Major
Destruction, Greater Servant of Makhleb


You were in the Dungeon.
You worshipped Makhleb.
Makhleb was extremely pleased with you.
You visited 1 branch You collected 500 gold pieces.
You spent 135 gold pieces at shops.

Inventory:

Armour
 a - a +0 robe (worn)
Jewellery
 k - the amulet "Goitz" (around neck) {rF+ Regen+ Int+5}
   (You bought it in a shop in the Dungeon)

   [amulet of regeneration]

   Int:       It affects your intelligence (+5).
   rF:        It protects you from fire.
   Regen:     It increases your rate of health regeneration.
 l - the ring of Spite (left hand) {rC++ AC+4}
   (You bought it in a shop in the Dungeon)

   [ring of protection]

   AC:        It affects your AC (+4).
   rC:        It greatly protects you from cold.
 m - the ring of Kusun (right hand) {Wiz Str+3 Int+3}
   (You bought it in a shop in the Dungeon)

   [ring of wizardry]

   It improves your spell success rate.
   Str:       It affects your strength (+3).
   Int:       It affects your intelligence (+3).
Wands
 h - a wand of quicksilver (4)
 i - a wand of iceblast (5)
Scrolls
 f - 4 scrolls of blinking
 j - 3 scrolls of fog
Potions
 d - 3 potions of haste
 e - a potion of berserk rage
 g - a potion of resistance


   Skills:
 - Level 8.0 Fighting
 - Level 5.8 Dodging
 - Level 4.7 Stealth
 * Level 11.5 Spellcasting


You had 11 spell levels left.
You knew the following spells:

 Your Spells              Type           Power      Damage    Failure   Level
a - Foxfire               Conj/Fire      100%       2x1d9     1%          1
b - Scorch                Fire           100%       2d10      1%          2
c - Kindle Blastsparks    Fire/Tloc/Air  100%       2d18      1%          3
d - Inner Flame           Hex/Fire       69%        N/A       1%          3
e - Flame Wave            Conj/Fire      69%        2d16      1%          4
f - Kiss of Death         Conj/Necr      100%       2d13      1%          1
g - Static Discharge      Conj/Air       100%       2-7/arc   1%          2
h - Ignite Poison         Fire/Tmut/Pois 69%        N/A       1%          3
Your spell library was empty.

Dungeon Overview and Level Annotations

Branches:
Dungeon (1/1)

Altars:
Cheibriados
Dithmenos
Fedhas
Gozag
Makhleb
Okawaru
Qazlal
Ru
Trog
Uskayaw
Wu Jian
Xom
Yredelemnul
Zin
The Shining One
Lugonu

Shops:
D *[??*?*:[((!!!!

Annotations:
D Aizul


Innate Abilities, Weirdness & Mutations

You are immune to sickness and miasma.
You are immune to poison.
Your flesh is very heat resistant. (rF++)
You are vulnerable to cold. (rC-)
You float through the air rather than walking.
You learn spells naturally, not from books.
Your magical power is your life essence.
You have superior vitality. (+4 MHP)


Message History

The mana viper hisses angrily.
The black mamba bites you but does no damage.
Aizul is engulfed in blazing flames.
Flame seeps out of Aizul.
Aizul coils herself and waves her upper body at you.
The bolt of poison hits you but does no damage.
You resist.
A wave of flame ripples out!
The flame wave engulfs the black mamba!!
You kill the black mamba!
Makhleb accepts your kill.
You feel better.
The flame wave engulfs Aizul.
Flame seeps out of Aizul.
Aizul is moderately wounded.
You finish channelling waves of flame.
You hear a shout!
Aizul is engulfed in blazing flames.
Flame seeps out of Aizul.
Aizul casts a spell at you.
The bolt of poison hits you but does no damage.
You resist.
Aizul is engulfed in blazing flames.
Flame seeps out of Aizul.
Aizul hits you but does no damage.
Your Spellcasting skill increases to level 11!
Aizul attacks as you move away! Aizul hits you! Aizul hits you.
A naga mage comes into view. It is wielding a +0 flail.
Aizul hits you!
* * * LOW HITPOINT WARNING * * *
You feel much better. Aizul hits you!
The naga mage casts a spell.
The naga mage seems to speed up.
Casting: Flame Wave (safe; 1% risk of failure)
Confirm with . or Enter, or press ? or * to list all spells.
A cloud of volatile blastsparks flares up around you!
Aizul hits you!!
* * * LOW HITPOINT WARNING * * *
Aizul casts a spell at you. The bolt of poison misses you.
You feel better. The mana viper barely misses you. Aizul closely misses you.
The mana viper bites you!
* * * LOW HITPOINT WARNING * * *
Aizul attacks as you move away! Aizul hits you!
You die...

##∩.....∩## #∩÷......∩#
#_......._# #_...÷N...#
#_...))...# ###.........###
#⌠...........⌠#
#####.8........S8.######
.___......###..S@..___∩##
........8.# #.8........∩###
..........###.............##
.......###...###.†........⌠#
.......# #.<.# #..........⌠#
.......###...###..........⌠#
.......†..###.............##
....[...8.# #.8....†...∩###
∩___......###.......__∩##


You could see Aizul (inner flame), a mana viper and a naga mage (fast).

Vanquished Creatures
  A black mamba (D)
  A dream sheep (D)
  A basilisk (D)
  2 nagas (D)
  A water moccasin (D)
  A scorpion (D)
  Jessica (D)
  2 hell rats (D)
  3 adders (D)
  4 river rats (D)
  5 endoplasms (D)
  A bat (D)
  A kobold (D)
24 creatures vanquished.

Vanquished Creatures (others)
  81 foxfires (D)
81 creatures vanquished.

Grand Total: 105 creatures vanquished

Notes
Turn   | Place    | Note
-------+----------+-------------------------------------------
     0 | D        | NinjaNoafa the Djinni Fire Elementalist began the quest for
                  | the Orb.
     0 | D        | NinjaNoafa set off with the following spells memorised:
                  | Foxfire, Scorch, Kindle Blastsparks, Inner Flame, Flame
                  | Wave.
     0 | D        | Reached XP level 1. HP: 15/15 MP: 0/0
     1 | D        | Found a stormy altar of Qazlal.
     2 | D        | Found a snail-covered altar of Cheibriados.
     3 | D        | Found a blossoming altar of Fedhas.
     4 | D        | Found an ornate altar of the Wu Jian Council.
     4 | D        | Found Javonlup's Staff Store.
     4 | D        | Found Gufulih's Magic Scroll Shop.
     5 | D        | Found a shimmering altar of Xom.
     5 | D        | Found Cacsarue's Must-Have Magic.
     5 | D        | Found Defoysob's Magic Scroll Shop.
     5 | D        | Round 1.
     7 | D        | Noticed a scorpion
    14 | D        | Noticed Jessica
    15 | D        | Found a shadowy altar of Dithmenos.
    16 | D        | Found a sacrificial altar of Ru.
    19 | D        | Found a corrupted altar of Lugonu.
    21 | D        | Found Ulogiv's Jewellery.
    21 | D        | Found Mofimp's Advanced Armour.
    21 | D        | Found a burning altar of Makhleb.
    21 | D        | Found a bloodstained altar of Trog.
    21 | D        | Found Plog's Identification Station.
    27 | D        | Found a glowing silver altar of Zin.
    28 | D        | Found a basalt altar of Yredelemnul.
    29 | D        | Found a glowing golden altar of the Shining One.
    31 | D        | Found Kismubin's Premium Goods.
    32 | D        | Found Malux's Miscellaneous Merchandise.
    32 | D        | Found Neoteq's Basic Armour.
    34 | D        | Found a hide-covered altar of Uskayaw.
    34 | D        | Found an iron altar of Okawaru.
    34 | D        | Found Eghezoag's Weapon Rack.
    39 | D        | Found an opulent altar of Gozag.
    41 | D        | Found Anolomidwa's Do-It-Yourself Clinic.
    42 | D        | Found Etuprivi's Bottled Wisdom.
    42 | D        | Found Lotasic's Distillery.
    42 | D        | Found Dilluir's Distillery.
    73 | D        | Became a worshipper of Makhleb the Destroyer
    77 | D        | Killed a scorpion
    78 | D        | Reached skill level 5 in Dodging
    78 | D        | Reached skill level 4 in Spellcasting
    78 | D        | Reached XP level 2. HP: 7/21 MP: 0/0
    78 | D        | Reached XP level 3. HP: 9/25 MP: 0/0
    78 | D        | Learned a level 1 spell: Kiss of Death
    78 | D        | Reached XP level 4. HP: 11/31 MP: 0/0
    78 | D        | Killed Jessica
    82 | D        | Reached * piety under Makhleb
   161 | D        | Arena points: 5 (+5) [x1]
   176 | D        | Round 2.
   221 | D        | Bought a fine emerald amulet for 45 gold pieces
   221 | D        | Identified the amulet "Goitz" {rF+ Regen+ Int+5} (You
                  | bought it in a shop in the Dungeon)
   229 | D        | Reached ** piety under Makhleb
   231 | D        | Bought a faintly glowing brass ring for 45 gold pieces
   231 | D        | Identified the ring of Spite {rC++ AC+4} (You bought it in
                  | a shop in the Dungeon)
   231 | D        | Bought a brightly glowing turquoise ring for 45 gold pieces
   231 | D        | Identified the ring of Kusun {Wiz Str+3 Int+3} (You bought
                  | it in a shop in the Dungeon)
   259 | D        | Arena points: 29 (+24) [x2]
   318 | D        | Round 3.
   325 | D        | Noticed a naga
   334 | D        | Killed a naga
   335 | D        | Reached skill level 6 in Spellcasting
   335 | D        | Reached XP level 5. HP: 41/41 MP: 0/0
   335 | D        | Learned a level 2 spell: Static Discharge
   335 | D        | Reached XP level 6. HP: 47/47 MP: 0/0
   341 | D        | Noticed a water moccasin
   350 | D        | Killed a water moccasin
   351 | D        | Reached skill level 5 in Fighting
   351 | D        | Reached skill level 7 in Spellcasting
   386 | D        | Reached *** piety under Makhleb
   392 | D        | Noticed a naga
   408 | D        | Killed a naga
   408 | D        | Arena points: 92 (+63) [x3]
   409 | D        | Reached skill level 8 in Spellcasting
   409 | D        | Reached XP level 7. HP: 34/57 MP: 0/0
   409 | D        | Learned a level 3 spell: Ignite Poison
   446 | D        | Round 4.
   478 | D        | Noticed a dream sheep
   482 | D        | Reached **** piety under Makhleb
   491 | D        | Killed a dream sheep
   492 | D        | Reached skill level 9 in Spellcasting
   525 | D        | Noticed a basilisk
   539 | D        | Reached ***** piety under Makhleb
   547 | D        | Reached XP level 8. HP: 46/65 MP: 0/0
   551 | D        | Killed a basilisk
   551 | D        | Arena points: 236 (+144) [x4]
   552 | D        | Reached skill level 10 in Spellcasting
   626 | D        | Round 5.
   645 | D        | Noticed Aizul
   661 | D        | Noticed a black mamba
   664 | D        | Noticed a mana viper
   666 | D        | Killed a black mamba
   667 | D        | Reached skill level 11 in Spellcasting
   668 | D        | Noticed a naga mage
   672 | D        | Slain by Aizul

Illustrated notes

Levels and vault maps discovered:
D:        arena_sprint

Skill      XL: |  1  2  3  4  5  6  7  8 |
---------------+-------------------------+-----
Dodging        | 5 |  5.8
Stealth        | 4 |  4.7
Spellcasting   | 4 6 8 9 11 | 11.5
Fighting       | 4 6 8 |  8.0

Action                   |  1- 3 |  4- 6 |  7- 9 || total
-------------------------+-------+-------+-------++-------
Melee: Unarmed           |       |     3 |       ||     3
 Cast: Foxfire           |    12 |    25 |    13 ||    50
       Inner Flame       |       |     2 |     6 ||     8
       Kiss of Death     |       |     1 |       ||     1
       Static Discharge  |       |     5 |     3 ||     8
       Kindle Blastspark |       |     3 |     5 ||     8
       Scorch            |       |     2 |     2 ||     4
       Ignite Poison     |       |       |     3 ||     3
       Flame Wave        |       |       |     1 ||     1
Invok: Minor Destruction |       |       |     3 ||     3
Evoke: Wand              |     1 |       |       ||     1
  Use: Potion            |     4 |       |     2 ||     6
Armor: Robe              |     6 |     5 |     2 ||    13
Dodge: Dodged            |    13 |    10 |     9 ||    32

Table legend: (Time is in decaauts)
 A = Elapsed time spent in this place.
 B = Non-inter-level travel time spent in this place.
 C = Inter-level travel time spent in this place.
 D = Time resting spent in this place.
 E = Time spent auto-exploring this place.
 F = Levels seen in this place.
 G = Mean time per level.
                   A        B        C        D        E       F      G
               +--------+--------+--------+--------+--------+-----+--------+
         Total |    655 |    647 |      8 |    172 |    212 |   1 |  655.0 |
       Dungeon |    655 |    647 |      8 |    172 |    212 |   1 |  655.0 |
               +--------+--------+--------+--------+--------+-----+--------+

Top non-repeatable levels by time:
       D: 655 daAuts
